 Dungeon Crawl Stone Soup version 0.22-a0-348-gd16d139 (webtiles) character file.

846 GameOver the Conjurer (level 8, -1/62 HPs)
             Began as a Naga Wizard on Apr 9, 2018.
             Slain by Menkaure (20 damage)
             ... on level 5 of the Dungeon.
             The game lasted 00:19:53 (2323 turns).

GameOver the Conjurer (Naga Wizard)                 Turns: 2323, Time: 00:19:53

Health: -1/62      AC:  7    Str: 10    XL:     8   Next: 0%
Magic:  0/12       EV:  9    Int: 20    God:
Gold:   158        SH:  0    Dex: 10    Spells: 5/13 levels left

rFire    . . .     SeeInvis +   r - +0 flail
rCold    . . .     Gourm    .   (no shield)
rNeg     . . .     Faith    .   u - +2 leather armour {MR+}
rPois    +         Spirit   .   w - +0 helmet
rElec    .         Reflect  .   (no cloak)
rCorr    .         Harm     +   (no gloves)
MR       ++...                  (no barding)
Stlth    ++........             i - amulet of harm
HPRegen  0.20/turn              (no ring)
MPRegen  0.13/turn              (no ring)

@: very slightly contaminated, very slow
A: large, see invisible, deformed body, poison resistance, slowness 2, slow
metabolism 1, spit poison 1, AC +2
a: Spit Poison


You were on level 5 of the Dungeon.
You were not hungry.

You visited 1 branch of the dungeon, and saw 5 of its levels.

You collected 158 gold pieces.

Inventory:

Hand Weapons
 r - a +0 flail (weapon)
 s - a +0 spear
Armour
 a - a +0 robe
 b - a +0 large shield
 f - a +1 ring mail of cold resistance
 h - a +2 robe of positive energy
 u - a +2 leather armour of magic resistance (worn)
 w - a +0 helmet (worn)
Jewellery
 i - an amulet of harm (around neck)
 l - an uncursed ring of fire
Wands
 t - a wand of paralysis (7)
 v - a wand of polymorph (12)
Scrolls
 e - a scroll of identify
 g - 2 scrolls of teleportation
 k - a scroll of immolation {unknown}
 m - a scroll of blinking {unknown}
 o - a scroll of fear
 p - 2 scrolls of enchant weapon
Potions
 j - 2 potions of curing
 n - a potion of flight
Comestibles
 c - 4 chunks of flesh
 d - 3 rations


   Skills:
 - Level 1.5 Dodging
 - Level 5.0 Stealth
 - Level 3.0 Spellcasting
 * Level 5.7 Conjurations
 + Level 3.5 Summonings
 - Level 2.3 Translocations
 - Level 1.6 Air Magic
 + Level 4.4 Poison Magic


You had 5 spell levels left.
You knew the following spells:

 Your Spells              Type           Power        Failure   Level  Hunger
a - Magic Dart            Conj           ####         1%          1    None
b - Blink                 Tloc           N/A          11%         2    ##.....
q - Call Imp              Summ           ###.....     7%          2    ##.....
s - Mephitic Cloud        Conj/Pois/Air  ###.....     12%         3    ###....


Dungeon Overview and Level Annotations

Branches:
Dungeon (5/15)
 Temple: D:4-7

Altars:
Dithmenos
Fedhas
Uskayaw
Wu Jian

Annotations:
D:4 Amnesiac's ghost, amateur VSGl
D:5 Menkaure


Innate Abilities, Weirdness & Mutations

You cannot wear boots.
Your serpentine skin is tough. (AC +2)
You have supernaturally acute eyesight. (SInv)
Armour fits poorly on your strangely shaped body.
Your system is resistant to poisons. (rPois)
You cover ground very slowly.
You have a slow metabolism.
You can spit poison.


Message History

Unknown command.
Casting: Call Imp (safe; 7% risk of failure)
Confirm with . or Enter, or press ? or * to list all spells.
You blink.
Menkaure hits you!
Your crimson imp hits the shadow imp but does no damage.
The shadow imp grins evilly.
The shadow imp hits you.
Found 13 gold pieces.
Casting: Blink (safe; 11% risk of failure)
Confirm with . or Enter, or press ? or * to list all spells.
You blink.
The worm bites you. The shadow imp gestures at you.
You resist with almost no effort.
Your crimson imp blinks!
Menkaure gestures at you while chanting.
You resist with almost no effort. The crimson imp barely misses you.
Casting: Blink (safe; 11% risk of failure)
Confirm with . or Enter, or press ? or * to list all spells.
You blink.
The shadow imp misses you. Menkaure hits you!
You die...

.# #. #..
.. .#
####.#
#....#
#.####.@[.#
#:5..§5wM.#
######.§§.#
#...5#
#....#
#####.. ..>
$.... ....


You could see Menkaure, a worm, a crimson imp, a shadow imp and a friendly
crimson imp.

Vanquished Creatures
  Grinder (D:3)
  Sigmund (D:4)
  A phantom (D:4)
  2 ogres
  A scorpion (D:4)
  Ijyb (D:3)
  A worker ant (D:4)
  Robin (D:3)
  5 adders
  An ooze (D:3)
  A worm (D:2)
  7 dart slugs
  A leopard gecko (D:2)
  4 giant cockroaches
  12 goblins
  7 hobgoblins
  2 jackals (D:1)
  7 kobolds
  3 quokkas
  A ball python (D:3)
  10 bats
  3 frilled lizards
  6 rats
79 creatures vanquished.

Notes
Turn   | Place    | Note
-------+----------+-------------------------------------------
     0 | D:1      | GameOver the Naga Wizard began the quest for the Orb.
     0 | D:1      | Reached XP level 1. HP: 15/15 MP: 4/4
    59 | D:1      | Reached XP level 2. HP: 21/22 MP: 1/6
   301 | D:1      | Reached XP level 3. HP: 28/28 MP: 7/7
   332 | D:1      | Learned a level 2 spell: Blink
   335 | D:1      | Learned a level 2 spell: Call Imp
   339 | D:1      | Learned a level 3 spell: Mephitic Cloud
   826 | D:2      | Reached XP level 4. HP: 36/36 MP: 4/8
   911 | D:2      | Found a shadowy altar of Dithmenos.
  1265 | D:3      | Reached skill level 1 in Poison Magic
  1296 | D:3      | Noticed Ijyb
  1339 | D:3      | Noticed Robin
  1343 | D:3      | Killed Ijyb
  1343 | D:3      | Reached skill level 1 in Air Magic
  1343 | D:3      | Reached XP level 5. HP: 42/42 MP: 2/9
  1347 | D:3      | Killed Robin
  1596 | D:3      | Found a faded altar of an unknown god.
  1644 | D:3      | Found a faded altar of an unknown god.
  1644 | D:3      | Found a faded altar of an unknown god.
  1649 | D:3      | Found a blossoming altar of Fedhas.
  1651 | D:3      | Found an ornate altar of the Wu Jian Council.
  1653 | D:3      | Found a hide-covered altar of Uskayaw.
  1828 | D:4      | Noticed an ogre
  1838 | D:4      | Noticed Grinder
  1846 | D:3      | Killed an ogre
  1846 | D:3      | Reached skill level 5 in Stealth
  1846 | D:3      | Reached XP level 6. HP: 26/49 MP: 0/10
  1888 | D:4      | Noticed Amnesiac's ghost (amateur VSGl)
  1971 | D:4      | Noticed Sigmund
  2002 | D:3      | Killed Grinder
  2002 | D:3      | Reached XP level 7. HP: 44/55 MP: 0/11
  2105 | D:4      | Killed Sigmund
  2105 | D:4      | Reached skill level 5 in Conjurations
  2306 | D:4      | Reached XP level 8. HP: 62/62 MP: 7/12
  2317 | D:5      | Entered Level 5 of the Dungeon
  2317 | D:5      | Noticed Menkaure
  2323 | D:5      | Slain by Menkaure

Vault maps used:
D:1:      lemuel_arrival_broad_hall, minivault_4
D:2:      corexii_item_surrounded_by_moat, grunt_dithmenos_smoke
D:3:      chequers_temple_overflow_minitemple, chequers_ecumenical_altar_grove,
          uniq_robin, uniq_ijyb
D:4:      first_ration, uniq_grinder, uniq_sigmund
D:5:      lemuel_crystal_altar, lemuel_temple_firewalk_a, serial_shops,
          nicolae_shop_statue_plus, uniq_menkaure

Skill      XL: |  1  2  3  4  5  6  7 |
---------------+----------------------+-----
Conjurations   | 2 3 4 5 |  5.7
Stealth        | 4 5 |  5.0
Poison Magic   | 1 2 3 4 |  4.4
Air Magic      | 1 |  1.6
Summonings     | 2 3 |  3.5
Translocations | 2 |  2.3
Dodging        | |  1.5
Spellcasting   | |  3.0

Action                   |  1- 3 |  4- 6 |  7- 9 || total
-------------------------+-------+-------+-------++-------
Melee: Whip              |     9 |       |       ||     9
       Flail             |       |    23 |     3 ||    26
       Spear             |       |     8 |     7 ||    15
 Cast: Magic Dart        |    43 |    63 |    23 ||   129
       Mephitic Cloud    |       |     1 |     1 ||     2
       Blink             |       |       |     5 ||     5
       Call Imp          |       |       |     1 ||     1
 Abil: Spit Poison       |    24 |    26 |     7 ||    57
  Use: Scroll            |       |     3 |     2 ||     5
       Potion            |       |     4 |       ||     4
 Stab: Confused          |       |       |     1 ||     1
  Eat: Chunk             |     1 |     5 |     1 ||     7
Armor: Robe              |     6 |     9 |       ||    15
       Leather armour    |       |     3 |     4 ||     7
       Skin              |       |     3 |       ||     3
Dodge: Dodged            |    10 |    26 |     5 ||    41

Table legend:
 A = Spawn XP
 B = Non-spawn XP
 C = Spawn XP percentage of total XP
 D = Spawn monster count
 E = Non-spawn monster count
 F = Spawn count percentage of total count
 G = Total turns spent on level
                    A         B        C        D         E        F      G
               +---------+---------+-------+---------+---------+-------+---------
         Total |       0 |    1209 |   0.0 |       0 |      79 |   0.0 |  2323
               +---------+---------+-------+---------+---------+-------+---------
           D:1 |       0 |      42 |   0.0 |       0 |      20 |   0.0 |   489
           D:2 |       0 |      65 |   0.0 |       0 |      19 |   0.0 |   773
           D:3 |       0 |     498 |   0.0 |       0 |      30 |   0.0 |   806
           D:4 |       0 |     604 |   0.0 |       0 |      10 |   0.0 |   249
               +---------+---------+-------+---------+---------+-------+---------
